[Event "Late-Titled-Tuesday-Blitz-April-02-2024"]
[Site "Chess.com"]
[Date "2024.04.02"]
[Round "11"]
[White "Walter_White_Poland"]
[Black "The_Straightforward_Rook"]
[Result "0-1"]
[WhiteElo "2410"]
[BlackElo "2378"]
[TimeControl "180+1"]
[EndTime "16:04:17 PDT"]
[Termination "The_Straightforward_Rook won by checkmate"]

1. e4 c6 2. d4 d5 3. f3 Qb6 4. Nc3 e6 5. a3 Nf6 6. e5 Nfd7 7. f4 c5 8. Nf3 cxd4 9. Nb5 Nc6 10. Bd3 a6 11. Nd6+ Bxd6 12. exd6 h6 13. O-O O-O 14. Qe1 Qc5 15. f5 Qxd6 16. Qh4 e5 17. Qg3 Qf6 18. Nh4 e4 19. Be2 Re8 20. Bf4 Nf8 21. Qh3 Ne7 22. g4 Nh7 23. Qg3 Nc6 24. Ng2 Ng5 25. h4 Nh7 26. g5 hxg5 27. hxg5 Qxf5 28. Bh5 g6 29. Be2 Qh3 30. Qxh3 Bxh3 31. Rfe1 Nf8 32. Nh4 Ne6 33. Bg3 Kg7 34. Kh2 Bf5 35. Nxf5+ gxf5 36. Rf1 Rh8+ 37. Kg2 Kg6 38. Bd6 Rh7 39. Rh1 Rah8 40.
Rxh7 Rxh7 41. Rf1 Kxg5 42. c3 f4 43. Bd1 f3+ 44. Kg3 f5 45. Rg1 Kf6 46. Kf2 Rh2+ 47.
Bxh2 f4 48. cxd4 Ncxd4 49. Rg8 e3+ 50. Ke1 f2+ 51. Kf1 f3 52. Bxf3 Nxf3 53. Bg3 Nd2+ 54. Ke2 f1=Q+ 55. Kxe3 Nc4# 0-1

[Event "Late-Titled-Tuesday-Blitz-April-02-2024"]
[Site "Chess.com"]
[Date "2024.04.02"]
[Round "11"]
[White "kikoveiga"]
[Black "JaackCamel"]
[Result "1-0"]
[WhiteElo "2449"]
[BlackElo "2209"]
[TimeControl "180+1"]
[EndTime "16:04:20 PDT"]
[Termination "kikoveiga won on time"]

1. e4 e6 2. d4 d5 3. Nc3 Bb4 4. e5 Ne7 5. a3 Bxc3+ 6. bxc3 b6 7. Qg4 Ng6 8. h4 h5 9. Qg3 Ba6 10. Bxa6 Nxa6 11. Nf3 Nb8 12. Bg5 Qd7 13. a4 Nc6 14. O-O Na5 15. Nd2 Qc6 16. f4 Qd7 17. Rf2 Ne7 18.
Bxe7 Qxe7 19. f5 O-O-O 20. Raf1 Rdf8 21. Qh3 Kd7 22. f6 gxf6 23. Rxf6 Nc6 24. c4 dxc4 25. d5 Qc5+ 26. Kh1 Qxd5 27. Nf3 Kc8 28. Ng5 Kb7 29. Nxf7 Rxf7 30. Rxf7 Nxe5 31. Rg7 Ng4 32. Qf3 Re8 33. Qxd5+ exd5 34. Kg1 d4 35. Rd1 Rd8 36. Kf1 Kc6 37. Ke2 Kc5 38. Rg5+ Kb4 39. Rxh5 c5 40.
Rg5 Ne3 41. Rd2 Kc3 42. h5 Re8 43. h6 Nxc2+ 44. Kd1 1-0

[Event "Late-Titled-Tuesday-Blitz-April-02-2024"]
[Site "Chess.com"]
[Date "2024.04.02"]
[Round "11"]
[White "katharinareinecke"]
[Black "microbear"]
[Result "0-1"]
[WhiteElo "2014"]
[BlackElo "2390"]
[TimeControl "180+1"]
[EndTime "16:04:20 PDT"]
[Termination "microbear won on time"]

1. d4 Nf6 2. c4 c5 3. Nf3 cxd4 4. Nxd4 Nc6 5. g3 e5 6. Nxc6 bxc6 7. Bg2 d5 8. O-O Be6 9. Bg5 Be7 10. Nc3 Rc8 11. Bxf6 Bxf6 12. cxd5 cxd5 13. Nxd5 O-O 14. Nxf6+ Qxf6 15. a3 Bc4 16. Re1 Qa6 17. e3 Rfd8 18.
Qh5 f6 19. Rad1 Qb5 20. Rxd8+ Rxd8 21. Rd1 Rb8 22. Rd2 Be6 23. Qh4 Rc8 24. h3 Qa5 25. Qb4 Qxb4 26. axb4 Rb8 27. Be4 Rxb4 28. Rd8+ Kf7 29. Bxh7 Rxb2 30. Ra8 Rb1+ 31. Kh2 Rh1+ 32. Kxh1 Bd5+ 33. Kg1 Bxa8 34. Bc2 Bd5 35. f4 Ke6 36. Kf2 Kd6 37. e4 Bc4 38. Ke3 a5 39. g4 Kc5 40.
g5 Kb4 41. h4 Bf7 0-1

[Event "Late-Titled-Tuesday-Blitz-April-02-2024"]
[Site "Chess.com"]
[Date "2024.04.02"]
[Round "11"]
[White "ProfessorChess101"]
[Black "DinaBelenkaya"]
[Result "1-0"]
[WhiteElo "2746"]
[BlackElo "2466"]
[TimeControl "180+1"]
[EndTime "16:04:21 PDT"]
[Termination "ProfessorChess101 won by resignation"]

1. d4 Nf6 2. c4 e6 3. Nc3 d5 4. Nf3 Bb4 5. e3 O-O 6. Bd2 c6 7. Qc2 b6 8. Rd1 Ba6 9. b3 Qe7 10. Bd3 Nbd7 11. O-O e5 12. dxe5 Nxe5 13. Nxe5 Qxe5 14.
cxd5 Bxd3 15. Qxd3 cxd5 16. Ne2 Bd6 17. Ng3 Rac8 18. Rc1 Ne4 19. Rxc8 Rxc8 20. Rc1 Rxc1+ 21. Bxc1 h5 22. Nf1 h4 23. Qc2 Qf6 24. Qc8+ Kh7 25. f3 Nc3 26. Bd2 d4 27. Qc4 Bc5 28. b4 dxe3 29.
Bxc3 e2+ 30. bxc5 exf1=Q+ 31. Kxf1 Qc6 32. Qe4+ Qxe4 33. fxe4 bxc5 34. Be1 h3 35. Bf2 hxg2+ 36. Kxg2 a6 37. Bxc5 Kg6 38. Kf3 Kf6 39. Bd4+ Kg6 40. Kf4 f6 41. Bc3 Kf7 42. Kf5 g6+ 43. Kf4 Ke6 44.
Bb2 g5+ 45. Kg4 Kf7 1-0

[Event "Late-Titled-Tuesday-Blitz-April-02-2024"]
[Site "Chess.com"]
[Date "2024.04.02"]
[Round "11"]
[White "lcmil"]
[Black "Manukyan_Artak"]
[Result "1-0"]
[WhiteElo "2317"]
[BlackElo "2505"]
[TimeControl "180+1"]
[EndTime "16:04:24 PDT"]
[Termination "lcmil won by resignation"]

1. e4 c6 2. d4 d5 3. e5 Bf5 4.
h4 h5 5. Bg5 Qb6 6. Bd3 Bxd3 7.
Qxd3 e6 8. Nd2 Qa6 9. c4 Bb4 10. Nf3 Nh6 11. O-O Nf5 12. a3 Bxd2 13. Nxd2 Nd7 14.
b4 O-O 15. Rab1 dxc4 16. Nxc4 Nb6 17. b5 cxb5 18. Ne3 b4 19. Qxa6 bxa6 20. Nxf5 exf5 21. axb4 Nd5 22. Ra1 Nxb4 23. Rfb1 Rfb8 24. Be7 Nc6 25. Rxb8+ Rxb8 26. Bd6 Rb7 27. d5 Ne7 28. Bxe7 Rxe7 29.
f4 Rb7 30. Rxa6 g6 31. Rc6 Kf8 32. d6 Ke8 33. Rc8+ Kd7 34. Rf8 Kc6 35. Ra8 Kd5 36. Rc8 Ke6 37. Kf2 Rb2+ 38. Ke3 Rxg2 39. Re8+ Kd7 40.
Re7+ Kc6 41. Rxa7 Rg3+ 42. Kd4 Rg4 43. d7 Rxf4+ 44. Kd3 Rf1 45. Ke2 Ra1 46. Rxa1 Kxd7 47.
Kf3 f6 48. exf6 Ke6 49. Kf4 Kxf6 50. Ra6+ Kg7 51. Kg5 Kh7 52. Rxg6 f4 53. Rf6 f3 54.
Rxf3 1-0

[Event "Late-Titled-Tuesday-Blitz-April-02-2024"]
[Site "Chess.com"]
[Date "2024.04.02"]
[Round "11"]
[White "BardArtem"]
[Black "Statham_01"]
[Result "1-0"]
[WhiteElo "2819"]
[BlackElo "2617"]
[TimeControl "180+1"]
[EndTime "16:04:25 PDT"]
[Termination "BardArtem won on time"]

1. e4 e5 2. d4 exd4 3. Qxd4 Nc6 4. Qd3 Nf6 5. Nc3 Bc5 6. Qg3 O-O 7. Bg5 d6 8. O-O-O Kh8 9. f4 Bb4 10. e5 Bxc3 11.
bxc3 Ne4 12. Bxd8 Nxg3 13. hxg3 Rxd8 14. exd6 cxd6 15. Nf3 h6 16. Bb5 Be6 17. a4 Rac8 18.
Ng5 Ne7 19. Nxe6 fxe6 20. Rhe1 Nd5 21. Rxe6 Nxc3 22. Rdxd6 Rxd6 23. Rxd6 a6 24. Bd7 Rd8 25. Rd3 Ne2+ 26. Kb2 Nxg3 27. Bg4 Rxd3 28. cxd3 h5 29. Bc8 Ne2 30. a5 Nxf4 31. Bxb7 Nxd3+ 32. Kc3 Nc5 33. Bc8 g5 34. Kc4 Ne4 35. Bxa6 Nd6+ 36. Kd5 Ne8 37. Kc6 h4 38. Be2 Nf6 39. a6 g4 40.
a7 1-0

[Event "Late-Titled-Tuesday-Blitz-April-02-2024"]
[Site "Chess.com"]
[Date "2024.04.02"]
[Round "11"]
[White "cedchass2006"]
[Black "ninguno46"]
[Result "0-1"]
[WhiteElo "2420"]
[BlackElo "2584"]
[TimeControl "180+1"]
[EndTime "16:04:26 PDT"]
[Termination "ninguno46 won by resignation"]

1. e4 c5 2. Nf3 Nc6 3. Bb5 d6 4. O-O Bd7 5. Re1 Nf6 6. c3 a6 7.
Bf1 Bg4 8. d4 cxd4 9. cxd4 e5 10. Be3 Be7 11. Nc3 O-O 12. dxe5 Nxe5 13. Be2 Bxf3 14.
Bxf3 Rc8 15. h3 Qa5 16. Be2 Nc4 17. Bxc4 Rxc4 18. Qd3 Rfc8 19. Bd4 h6 20. Rad1 Qg5 21. Re3 b5 22. Rg3 Qh5 23. Nd5 Nxd5 24. Rxg7+ Kf8 25. exd5 Rxd4 26. Qxd4 Rc4 27. Qg4 Rxg4 28. Rxg4 f5 29.
Rgd4 Bf6 30. R4d2 f4 31. Rd3 Be5 32. Rc1 Kf7 33. b3 Kf6 34. a4 Qf5 35. Rcd1 b4 36. Rf3 a5 37. g3 Qxh3 38. Rdd3 Qf5 39. Kg2 h5 40. gxf4 Bxf4 41. Kf1 Kg5 42. Kg2 Qg4+ 43.
Rg3 Bxg3 44. Rxg3 Kf4 45. Rxg4+ hxg4 46. Kh2 Kf3 47. Kg1 Ke4 48. Kg2 Kxd5 49. Kg3 Kd4 50. Kxg4 Kc3 51. f4 d5 52. f5 d4 53. f6 d3 54. f7 d2 55. f8=Q d1=Q+ 56. Kf4 Qf1+ 57.
Ke3 Qxf8 0-1

[Event "Late-Titled-Tuesday-Blitz-April-02-2024"]
[Site "Chess.com"]
[Date "2024.04.02"]
[Round "11"]
[White "MasterSonnevanck23"]
[Black "Szachulec75"]
[Result "0-1"]
[WhiteElo "2376"]
[BlackElo "2093"]
[TimeControl "180+1"]
[EndTime "16:04:28 PDT"]
[Termination "Szachulec75 won on time"]

1. d4 Nf6 2. Nf3 g6 3. c4 Bg7 4. Nc3 d6 5. e4 O-O 6. Be2 Bg4 7. Be3 Nfd7 8. Rc1 Nc6 9. d5 Ncb8 10. Nd4 Bxe2 11. Qxe2 c5 12. Nf3 a6 13. a4 Ne5 14.
Nxe5 Bxe5 15. Bh6 Bg7 16. Qd2 e5 17. dxe6 fxe6 18. Bxg7 Kxg7 19. Rd1 Qf6 20. O-O Rd8 21. e5 Qxe5 22. Rfe1 Qf5 23. Ne4 Nc6 24. Nxd6 Qf6 25. Qe3 Nd4 26. Ne4 Qe5 27. f4 Qf5 28. b4 b6 29. bxc5 bxc5 30. Rb1 Ra7 31. Rb6 h6 32. h3 Rf8 33. Rf1 e5 34. Nd6 Qh5 35. f5 gxf5 36. Qxe5+ Kh7 37. Ne8 Raf7 38. Nf6+ Rxf6 39.
Rxf6 Rg8 40. Rxa6 Qg5 41. Ra7+ Kg6 42. Qd6+ Kh5 43. Rf2 Qc1+ 44. Kh2 Qg5 0-1

[Event "Late-Titled-Tuesday-Blitz-April-02-2024"]
[Site "Chess.com"]
[Date "2024.04.02"]
[Round "11"]
[White "Rsnr"]
[Black "vladgoncharov"]
[Result "1-0"]
[WhiteElo "2889"]
[BlackElo "2591"]
[TimeControl "180+1"]
[EndTime "16:04:29 PDT"]
[Termination "Rsnr won on time"]

1. d4 Nf6 2. c4 c5 3. d5 e6 4.
Nc3 exd5 5. cxd5 d6 6. Nf3 g6 7. Bf4 a6 8. e4 Bg7 9. Qa4+ Kf8 10. Nd2 Nh5 11. Be3 Nd7 12. Be2 Rb8 13. Qd1 Nhf6 14. a4 h5 15. h3 Qe7 16. O-O Bh6 17. f4 Nxe4 18. Ndxe4 f5 19. Qd2 fxe4 20. f5 Bxe3+ 21. Qxe3 Nf6 22. fxg6 Kg7 23. Rf4 Bd7 24. Raf1 Rbf8 25.
a5 Be8 26. Rf5 Bxg6 27. Qg5 Rf7 28. Nxe4 Qxe4 29. Rxf6 Rxf6 30. Qxf6+ Kh7 31. Bf3 Qd4+ 32. Qxd4 cxd4 33. Rc1 Rg8 34. Kf2 Rg7 35. Ke2 Re7+ 36. Kd2 Kh6 37. Rc4 d3 38. b4 Kg5 39. h4+ Kf6 40.
Rd4 Ke5 41. Rc4 Rf7 42. Ke3 1-0

[Event "Late-Titled-Tuesday-Blitz-April-02-2024"]
[Site "Chess.com"]
[Date "2024.04.02"]
[Round "11"]
[White "Evgeny81"]
[Black "yaguigor"]
[Result "1-0"]
[WhiteElo "2755"]
[BlackElo "2608"]
[TimeControl "180+1"]
[EndTime "16:04:33 PDT"]
[Termination "Evgeny81 won on time"]

1. e4 c5 2. Nf3 e6 3. d4 cxd4 4. Nxd4 Nf6 5. Nc3 Nc6 6. Ndb5 d6 7. Bf4 e5 8. Bg5 a6 9. Na3 b5 10. Nd5 Be7 11. Bxf6 Bxf6 12. c3 Bg5 13. Nc2 Ne7 14.
a4 bxa4 15. Rxa4 O-O 16. Be2 a5 17. O-O Bd7 18. Ra3 Nxd5 19. Qxd5 Be6 20. Qd3 d5 21.
Rd1 dxe4 22. Qxe4 Qc7 23. Ne3 Bxe3 24. Qxe3 Rab8 25. Rd2 Bb3 26. h3 a4 27. Ra1 Rfd8 28. Bd1 Rxd2 29. Qxd2 Rd8 30. Qe2 Bxd1 31. Rxd1 Rb8 32.
Qa6 g6 33. Rd2 e4 34. Qxa4 e3 35. fxe3 Qg3 36. Qf4 Qe1+ 37. Kh2 Rf8 38. Rf2 h5 39. h4 Kh7 40. c4 Qb4 41. Rc2 Kg8 42. c5 Qb3 43. Qe4 Rc8 44. c6 Kf8 45. c7 Qb6 46.
Qe5 Kg8 47. Rc4 Qb3 48. Rd4 Qb6 49. Rd7 1-0

[Event "Late-Titled-Tuesday-Blitz-April-02-2024"]
[Site "Chess.com"]
[Date "2024.04.02"]
[Round "11"]
[White "karinachess1"]
[Black "Inepton_Fermion"]
[Result "1-0"]
[WhiteElo "2609"]
[BlackElo "2470"]
[TimeControl "180+1"]
[EndTime "16:04:36 PDT"]
[Termination "karinachess1 won on time"]

1. d4 d5 2. c4 dxc4 3. Nf3 Nf6 4. e3 Bg4 5. Bxc4 e6 6. h3 Bh5 7. O-O Nbd7 8. Nc3 Bb4 9. Qb3 Bxc3 10. bxc3 Bxf3 11. gxf3 Rb8 12. e4 O-O 13. Be3 Qe7 14.
e5 Nh5 15. Kh2 c5 16. Rg1 cxd4 17. cxd4 Nb6 18. Bd3 g6 19. Rg5 Ng7 20. Rag1 Nd5 21. R5g4 Rbc8 22. Bg5 Qd7 23. Be4 Rc3 24. Qb2 Rfc8 25.
h4 b6 26. Bd2 R3c4 27. Bd3 R4c7 28. Bh6 Ne7 29. Bxg7 Kxg7 30. h5 Nf5 31. Qd2 Qe7 32. Qf4 Kf8 33. Kg2 Ke8 34. Rh1 Kd7 35. hxg6 hxg6 36.
Rh7 Rf8 37. Rxg6 fxg6 38. Rxe7+ Kxe7 39. Qg5+ Kd7 40. Bb5+ Kc8 41. Qd2 Kb8 42. Qb4 Rff7 43. f4 Nh4+ 44. Kg3 Nf5+ 45. Kg4 Ne7 46. Qd6 Nd5 47.
Ba6 Rd7 48. Qf8+ 1-0

[Event "Late-Titled-Tuesday-Blitz-April-02-2024"]
[Site "Chess.com"]
[Date "2024.04.02"]
[Round "11"]
[White "PonyQueen07"]
[Black "kleber2007"]
[Result "1/2-1/2"]
[WhiteElo "2264"]
[BlackElo "2443"]
[TimeControl "180+1"]
[EndTime "16:04:36 PDT"]
[Termination "Game drawn by stalemate"]

1. c4 c5 2. Nc3 Nc6 3. g3 g6 4. Bg2 Bg7 5. e4 e6 6. Nge2 Nge7 7. O-O O-O 8. d3 d6 9. Be3 Nd4 10. Qd2 b6 11. e5 Rb8 12. exd6 Nef5 13. Bxd4 cxd4 14.
Ne4 Nxd6 15. Nxd6 Qxd6 16. b4 e5 17. Rac1 Bg4 18. c5 bxc5 19. bxc5 Qc7 20. h3 Be6 21. f4 Rb5 22. fxe5 Rfb8 23. Nxd4 Rxc5 24. Nxe6 fxe6 25. Rxc5 Qxc5+ 26. d4 Qb4 27. Qxb4 Rxb4 28. d5 Bxe5 29. dxe6 Bd4+ 30. Kh2 Bc5 31. Rc1 Be7 32. Rc7 Kf8 33. Rxa7 Rb2 34. a4 h5 35. h4 Re2 36.
Ra6 Bb4 37. a5 Ra2 38. Ra8+ Ke7 39. a6 Bc5 40. Rg8 Kf6 41. Kh3 Rxa6 42. Be4 Rxe6 43. Rxg6+ Ke5 44. Rxe6+ Kxe6 45. Bg6 Bf2 46. Bxh5 Bxg3 47.
Kxg3 Kf6 48. Kg4 Kg7 49. Kg5 Kh8 50. Kh6 Kg8 51. Bg6 Kh8 52. h5 Kg8 53. Kg5 Kh8 54.
h6 Kg8 55. Bh5 Kh8 56. Bg4 Kg8 57. Bf5 Kh8 58. Be6 Kh7 59. Bf7 Kh8 60. Bg6 Kg8 61. Kf5 Kh8 62. Kf6 Kg8 63. Ke7 Kh8 64. Ke8 Kg8 65. Ke7 Kh8 66. Kf6 Kg8 67. h7+ Kh8 68. Kg5 Kg7 69. Kh5 Kh8 70. Bb1 Kg7 71. Kg4 Kh8 72.
Kh4 Kg7 73. Kh5 Kh8 74. Kh6 1/2-1/2

[Event "Late-Titled-Tuesday-Blitz-April-02-2024"]
[Site "Chess.com"]
[Date "2024.04.02"]
[Round "11"]
[White "rasmussvane"]
[Black "Franmu14"]
[Result "1-0"]
[WhiteElo "2883"]
[BlackElo "2686"]
[TimeControl "180+1"]
[EndTime "16:04:37 PDT"]
[Termination "rasmussvane won by resignation"]

1. Nf3 d5 2. g3 e6 3. Bg2 Nf6 4.
O-O Be7 5. c4 O-O 6. b3 c5 7. cxd5 exd5 8. d4 b6 9. Bb2 Bb7 10. Nc3 Nbd7 11. Rc1 Re8 12. e3 Bf8 13. Re1 Rc8 14. Re2 a6 15. dxc5 bxc5 16. Rd2 Qe7 17. Ne2 Nb6 18. Nf4 Ne4 19. Rdc2 g6 20. Nd3 c4 21.
Nf4 Qc5 22. Bd4 Qb5 23. Bxb6 Qxb6 24. Nxd5 Bxd5 25. Qxd5 Nxf2 26. Rxf2 Qxe3 27. Rf1 Rc5 28. Qd2 c3 29. Qxe3 Rxe3 30. Rc2 Rd5 31. Rfc1 Bc5 32.
Kf1 Rdd3 33. Ng1 Rd2 34. Rxd2 cxd2 35. Rd1 Bb4 36. Nf3 Rd3 37. Ke2 Rd8 38. Nxd2 Re8+ 39.
Kf1 Rc8 40. Nc4 Kg7 41. Rd7 Bc3 42. Bd5 Rc5 43. Bxf7 Kh6 44. Bd5 a5 45. a4 Rc8 46.
h4 Re8 47. Kg2 g5 48. Rd6+ Kg7 49. hxg5 Bb4 50. Rd7+ Kg6 51. Bf7+ Kxg5 52. Bxe8 1-0

[Event "Late-Titled-Tuesday-Blitz-April-02-2024"]
[Site "Chess.com"]
[Date "2024.04.02"]
[Round "11"]
[White "ellennilssen"]
[Black "KetiTsatsalashvili"]
[Result "0-1"]
[WhiteElo "2328"]
[BlackElo "2420"]
[TimeControl "180+1"]
[EndTime "16:04:37 PDT"]
[Termination "KetiTsatsalashvili won by resignation"]

1. Nf3 Nf6 2. b3 g6 3. Bb2 Bg7 4. e3 O-O 5. c4 c6 6. Be2 d5 7. cxd5 cxd5 8. O-O Nc6 9. d4 Bf5 10. Nc3 Ne4 11. Rc1 Rc8 12. h3 Nxc3 13. Rxc3 a6 14.
Qc1 Nb4 15. Qa1 Qa5 16. Rfc1 Qxa2 17. Rc7 Qxa1 18. Bxa1 Rfe8 19. g4 Rxc7 20. Rxc7 Rc8 21. Rxb7 Rc1+ 22. Kg2 Bd3 23. Bb2 Rc2 24. Bxd3 Nxd3 25.
Ba3 Bf8 26. Bxe7 Bxe7 27. Rxe7 Nxf2 28. Kg3 Ne4+ 29. Kf4 Rf2 30. g5 Nd2 31. Ke5 Nxf3+ 32.
Kxd5 Nxg5 33. e4 Kf8 34. Ra7 Nxh3 35. Rxa6 Nf4+ 36. Ke5 Nd3+ 37. Kd6 h5 38. Ra8+ Kg7 39. d5 h4 40. Ke7 h3 41. d6 Ne5 42. Ra1 h2 43.
Rh1 Rd2 44. b4 g5 45. b5 g4 46. b6 g3 47. b7 Nc6+ 48. Ke8 Nb8 49. e5 Rd5 50.
Re1 Rxe5+ 51. Rxe5 h1=Q 52. d7 Nxd7 53. Kxd7 Qxb7+ 54. Ke8 Qb8+ 55. Ke7 Qxe5+ 0-1

[Event "Late-Titled-Tuesday-Blitz-April-02-2024"]
[Site "Chess.com"]
[Date "2024.04.02"]
[Round "11"]
[White "mightysmasher"]
[Black "Akhayan"]
[Result "1-0"]
[WhiteElo "2565"]
[BlackElo "2438"]
[TimeControl "180+1"]
[EndTime "16:04:38 PDT"]
[Termination "mightysmasher won by resignation"]

1. e4 e5 2. Nf3 Nc6 3. d4 exd4 4. Nxd4 Nf6 5. Nc3 Bb4 6. Nxc6 bxc6 7. Bd3 d5 8. exd5 O-O 9. O-O cxd5 10. Bg5 c6 11.
Qf3 Bd6 12. h3 Rb8 13. Rab1 h6 14. Bxf6 Qxf6 15. Qxf6 gxf6 16. Ne2 c5 17. c3 Be6 18.
Rfd1 Rb6 19. b3 Be5 20. Rbc1 c4 21. Bc2 Rc8 22. f4 Bb8 23. f5 Bd7 24. Rxd5 Bc6 25.
Rd4 cxb3 26. Bxb3 Be5 27. Rg4+ Kf8 28. Rd1 Rbb8 29. Nd4 Be8 30. Nf3 Bxc3 31. Rh4 Kg7 32. Rg4+ Kf8 33. Rd3 Ba5 34. Rh4 Bb6+ 35. Kh2 Kg7 36. Nd2 Bc7+ 37. Kh1 Rd8 38. Rg4+ Kf8 39. Rxd8 Rxd8 40. Ne4 h5 41. Rh4 Kg7 42. Nc5 Bc6 43. Rc4 Bb5 44. Ne6+ fxe6 45. Rxc7+ Rd7 46. Rc5 Be2 47.
fxe6 Re7 48. Kh2 a6 49. Kg3 Bb5 50. Kf4 h4 51. Rh5 Bf1 52. Rxh4 Bxg2 53. Rg4+ 1-0

[Event "Late-Titled-Tuesday-Blitz-April-02-2024"]
[Site "Chess.com"]
[Date "2024.04.02"]
[Round "11"]
[White "Rodalquilar"]
[Black "Kotlyar_K"]
[Result "1-0"]
[WhiteElo "2752"]
[BlackElo "2609"]
[TimeControl "180+1"]
[EndTime "16:04:39 PDT"]
[Termination "Rodalquilar won by checkmate"]

1. d4 Nf6 2. Nf3 g6 3. Bf4 d5 4. e3 Bg7 5. Be2 O-O 6. O-O c5 7. c3 Nc6 8. h3 b6 9. Qb3 c4 10. Qa3 Bf5 11. b3 b5 12. Nbd2 Rc8 13. Rfe1 Nd7 14. Bf1 b4 15. cxb4 c3 16. Nb1 c2 17.
Nbd2 e5 18. Bg5 f6 19. Bh4 e4 20. Nh2 Qe7 21. Ba6 Rb8 22. Bg3 Rb6 23. Bc7 Qxb4 24. Qxb4 Nxb4 25. Bxb6 Nxb6 26. Be2 Nd3 27. Bxd3 exd3 28.
b4 Nc4 29. Nhf1 Rb8 30. a3 Bf8 31. g4 Bd7 32. Nb3 a5 33. Nc1 d2 34. Nxd2 Nxd2 35. Re2 Nc4 36. Rxc2 axb4 37. axb4 Bxb4 38. Nd3 Bd6 39. Ra6 Bf8 40. Rxf6 Ba4 41. Rc1 Bb3 42. Nf4 Nb2 43. Rc7 Bg7 44. Rff7 Bh6 45. Ne6 Re8 46. Rxh7 Rxe6 47. Rxh6 Re8 48. Rxg6+ Kh8 49. Rb6 Bc4 50. Rxb2 Ra8 51. Kg2 Kg8 52. Kg3 Kf8 53. Rbb7 Ke8 54.
Rh7 Kd8 55. Rh8# 1-0

[Event "Late-Titled-Tuesday-Blitz-April-02-2024"]
[Site "Chess.com"]
[Date "2024.04.02"]
[Round "11"]
[White "Oleg_Papayan"]
[Black "santosalberto1987"]
[Result "1-0"]
[WhiteElo "2684"]
[BlackElo "2520"]
[TimeControl "180+1"]
[EndTime "16:04:44 PDT"]
[Termination "Oleg_Papayan won by resignation"]

1. c4 c5 2. Nc3 g6 3. h4 Nf6 4. h5 Nxh5 5. e4 Nc6 6. Be2 Nf6 7. d3 d6 8. Nf3 Bg4 9. Ng5 Bxe2 10. Nxe2 Bg7 11. Be3 Qa5+ 12. Kf1 h6 13.
Nf3 Ng4 14. Bd2 Qc7 15. Bc3 Nge5 16. Nf4 e6 17. a3 O-O 18. Rc1 Qe7 19. b4 Nxf3 20.
Bxg7 Kxg7 21. Qxf3 Qf6 22. Qg3 Qg5 23. Qe3 cxb4 24.
axb4 Nxb4 25. Rb1 a5 26. Rh3 e5 27. Nh5+ Kh7 28. Nf6+ Kg7 29. Nh5+ Kg8 30. Qf3 f5 31. Ng3 fxe4 32. Qxe4 Rf4 33. Qxb7 Raf8 34. Ne4 Qf5 35. Kg1 h5 36. Rg3 Nc2 37. Rg5 Qf7 38.
Qxf7+ R4xf7 39. Nxd6 Rxf2 40. Rxg6+ Kh7 41. Re6 Nd4 42.
Rb7+ Kh8 43. Rh6+ Kg8 44. Rg6+ Kh8 45. Ne4 R2f7 46. Rbb6 Nf5 47. Ng5 Rg7 48. Rxg7 Kxg7 49. Ne6+ Kf7 50. Nxf8 Kxf8 51. Rf6+ 1-0

[Event "Late-Titled-Tuesday-Blitz-April-02-2024"]
[Site "Chess.com"]
[Date "2024.04.02"]
[Round "11"]
[White "CURRUTACO59"]
[Black "BillCoe"]
[Result "1/2-1/2"]
[WhiteElo "2246"]
[BlackElo "2135"]
[TimeControl "180+1"]
[EndTime "16:04:44 PDT"]
[Termination "Game drawn by repetition"]

1. Nf3 c5 2. e3 g6 3. d4 Bg7 4. dxc5 Qa5+ 5. Nbd2 Qxc5 6. a3 a6 7. b4 Qc7 8. Rb1 d6 9. c4 Nf6 10. Bb2 O-O 11. Bd3 Nbd7 12. Rc1 b6 13. O-O Bb7 14. Qb3 Rac8 15. Rfd1 Rfd8 16. h3 Nf8 17. Be2 Ne6 18. Nd4 Nxd4 19. Bxd4 Ne4 20. Bxg7 Kxg7 21. Qb2+ Nf6 22. Bf3 Bxf3 23. Nxf3 Kg8 24. Qd4 Qc6 25. Qb2 Rd7 26. Nd4 Qc7 27. a4 Qb7 28. b5 a5 29. Nc6 Ne4 30. Qd4 Nc5 31. Qh4 Rxc6 32. bxc6 Qxc6 33. Rb1 Nxa4 34. Qd4 Nc5 35. Rb5 a4 36. Rdb1 Rb7 37. Qd5 Qc7 38. Ra1 Ra7 39. Ra3 Rb7 40. Qd4 Ra7 41. Qd5 Rb7 42. g3 Ra7 43. Kg2 Rb7 44. e4 Ra7 45. h4 h5 46.
Ra2 Rb7 47. Re2 Ra7 48. e5 dxe5 49. Rxe5 e6 50. Qd4 a3 51. Re1 a2 52. Ra1 Ra3 53. Rb2 Qc6+ 54. Kh2 Qa4 55. Qd8+ Kg7 56. Qd4+ Kg8 57.
Qd8+ Kg7 58. Qd4+ Kh7 59. Qf6 Kg8 60. Qd8+ 1/2-1/2

[Event "Late-Titled-Tuesday-Blitz-April-02-2024"]
[Site "Chess.com"]
[Date "2024.04.02"]
[Round "11"]
[White "sergiochess83"]
[Black "Kazan28"]
[Result "0-1"]
[WhiteElo "2939"]
[BlackElo "2712"]
[TimeControl "180+1"]
[EndTime "16:04:46 PDT"]
[Termination "Kazan28 won by checkmate"]

1. e4 e5 2. Nf3 Nc6 3. Bc4 Nf6 4. d3 Be7 5. Nc3 d6 6. a4 O-O 7. O-O Be6 8. Bxe6 fxe6 9. Ne2 d5 10. Ng3 Bd6 11. c3 Qd7 12. b4 a6 13. Bb2 Ne7 14. Qb3 c6 15. c4 Ng6 16. cxd5 exd5 17. Rfe1 Kh8 18. Nf5 d4 19. g3 Ne7 20. Nxd6 Qxd6 21.
Nxd4 exd4 22. e5 Qd5 23. Qc4 Ng4 24. Bxd4 Ng6 25. Qxd5 cxd5 26. f4 Nh6 27. Bc5 Rfc8 28. a5 Nf5 29. g4 Nfh4 30. f5 Nf3+ 31. Kf2 Nxe1 32. Rxe1 Nf4 33. Re3 d4 34. Rf3 Nd5 35. e6 Kg8 36. Kg3 Rxc5 37. bxc5 Kf8 38. g5 Ke7 39.
Kg4 Rc8 40. Rh3 Ne3+ 41. Kf4 Rxc5 42. Rxh7 Rxf5+ 43. Ke4 Kxe6 44. Rxg7 Re5+ 45. Kf4 Nd5+ 46. Kg4 Re3 47. Rxb7 Rxd3 48. g6 Rd1 49. g7 Rg1+ 50. Kf3 d3 51. Kf2 Rg5 52. Ke1 Ke5 53. Kd2 Kd4 54. Rd7 Rg2+ 55. Kd1 d2 56. h4 Ke4 57. h5 Ne3# 0-1

[Event "Late-Titled-Tuesday-Blitz-April-02-2024"]
[Site "Chess.com"]
[Date "2024.04.02"]
[Round "11"]
[White "jcibarra"]
[Black "KaydenTroffChess"]
[Result "0-1"]
[WhiteElo "2962"]
[BlackElo "2871"]
[TimeControl "180+1"]
[EndTime "16:04:48 PDT"]
[Termination "KaydenTroffChess won by checkmate"]

1. e4 c5 2. Nf3 g6 3. c3 Bg7 4. d4 cxd4 5. cxd4 d5 6. e5 Nc6 7.
Bb5 Nh6 8. Bxc6+ bxc6 9. O-O Bg4 10. Nbd2 O-O 11. h3 Bxf3 12. Nxf3 f6 13. Re1 Nf7 14. e6 Nd6 15. b3 Ne4 16. Ba3 Re8 17.
Qc2 Qa5 18. Bb2 Rac8 19. a3 f5 20. b4 Qc7 21. Rac1 Qd6 22. Nh2 Bh6 23. Rcd1 a5 24. bxa5 Ra8 25. Nf3 Rxa5 26. Ne5 Rc8 27. Nd3 Bg5 28.
f3 Nf6 29. Nc5 Bh4 30. Re2 Nh5 31. Nb7 Qg3 32. Nxa5 Nf4 33. Kf1 Qh2 34. g3 Qxg3 35.
Rf2 Nxh3 36. Qd2 Qg1+ 37. Ke2 Qxf2+ 38. Kd3 Qxf3+ 39. Kc2 Qe4+ 40. Kb3 Rb8+ 41. Ka2 Nf2 42. Re1 Rxb2+ 43. Qxb2 Qxe1 44. Nxc6 Kg7 45. a4 Nd3 46. Qb7 Qd2+ 47. Ka3 Qc3+ 48. Ka2 Qc2+ 49. Ka3 Kh6 50. Nxe7 Bg3 51. Ng8+ Kg5 52. Qe7+ Kf4 53. Qd6+ Kf3 54. Qb6 Bd6+ 55. Qxd6 Qb2# 0-1

[Event "Late-Titled-Tuesday-Blitz-April-02-2024"]
[Site "Chess.com"]
[Date "2024.04.02"]
[Round "11"]
[White "Kirill_Klukin"]
[Black "Alexei_Gubajdullin"]
[Result "1-0"]
[WhiteElo "2792"]
[BlackElo "2642"]
[TimeControl "180+1"]
[EndTime "16:04:48 PDT"]
[Termination "Kirill_Klukin won by resignation"]

1. d4 Nf6 2. Nf3 g6 3. e3 Bg7 4. Be2 O-O 5. O-O c5 6. dxc5 Qa5 7. a3 Qxc5 8. b4 Qc7 9. Bb2 d6 10. c4 b6 11. Nc3 Bb7 12. Rc1 Nbd7 13. Qb3 e6 14. Nb5 Qb8 15. Rfd1 Ne4 16. Bxg7 Kxg7 17. Qb2+ Ndf6 18. Nd2 Rd8 19. Nxe4 Bxe4 20. Rd4 Bc6 21. Rcd1 Bxb5 22. cxb5 d5 23. R4d2 e5 24. Bf3 e4 25.
Bxe4 Qc7 26. Bxd5 Rac8 27. Bc6 Rxd2 28. Rxd2 Rd8 29. h3 Rxd2 30. Qxd2 Qe5 31. Qd4 Qxd4 32.
exd4 Kf8 33. Kf1 Ke7 34. Ke2 Kd6 35. Ke3 h6 36. Kf4 Ng8 37. h4 Ne7 38. g4 f6 39. Ke4 g5 40. h5 Ke6 41. f4 Kd6 42.
a4 Ke6 43. d5+ Kd6 44. Ba8 Kc7 45. fxg5 fxg5 46. Ke5 Nc8 47. Kf6 Nd6 48. Kg6 Ne4 49. Kxh6 Kd6 50. Kg7 Ke5 51. h6 Nf6 52. h7 Ne8+ 53.
Kg6 Kf4 54. h8=Q 1-0